 Dungeon Crawl Stone Soup version 0.24.0-7-gb3623d2c88 (webtiles) character file.

Game seed: 13101363893961607439, levelgen mode: deterministic

156 FishyPogo the Magician (level 5, -1/28 HPs)
             Began as a Deep Elf Wizard on Nov 2, 2019.
             Slain by an orc wizard
             ... wielding a +0 dagger
              (3 damage)
             ... on level 2 of the Dungeon.
             The game lasted 00:15:10 (2577 turns).

FishyPogo the Magician (Deep Elf Wizard)            Turns: 2577, Time: 00:15:10

Health: -1/28      AC:  5    Str:  4    XL:     5   Next: 14%
Magic:  5/15       EV: 13    Int: 24    God:
Gold:   195        SH:  0    Dex: 13    Spells: 10/16 levels left

rFire    . . .     SeeInvis .   (no weapon)
rCold    . . .     Gourm    .   (no shield)
rNeg     . . .     Faith    .   a - +0 robe
rPois    .         Spirit   .   b - +0 hat
rElec    .         Reflect  .   (no cloak)
rCorr    .         Harm     .   i - +2 pair of gloves
MR       .....                  (no boots)
Stlth    ++........             f - amulet of the acrobat
HPRegen  0.09/turn              (no ring)
MPRegen  0.14/turn              (no ring)

@: very slightly contaminated
A: no striking features
a: no special abilities


You were on level 2 of the Dungeon.
You were not hungry.

You visited 1 branch of the dungeon, and saw 3 of its levels.

You collected 195 gold pieces.

Inventory:

Missiles
 l - 82 stones (quivered)
 p - 3 atropa-tipped darts
 q - 23 poisoned darts
 x - 2 boomerangs
Armour
 a - a +0 robe (worn)
 b - a +0 hat (worn)
 i - a +2 pair of gloves (worn)
Jewellery
 f - an amulet of the acrobat (around neck)
Scrolls
 c - a scroll of fear {unknown}
 e - 2 scrolls of random uselessness {unknown}
 g - a scroll of enchant armour {unknown}
 h - 4 scrolls of remove curse {unknown}
 j - 5 scrolls of identify {unknown}
 m - 2 scrolls of fog {unknown}
 o - a scroll of amnesia {unknown}
 r - a scroll of blinking {unknown}
 t - a scroll of immolation {unknown}
Potions
 k - 2 potions of agility {unknown}
 n - 4 potions of lignification {unknown}
 s - 2 potions of might
 u - a potion of curing {unknown}
 v - a potion of invisibility {unknown}
Comestibles
 d - 7 rations


   Skills:
 + Level 3.4 Dodging
 + Level 3.7 Stealth
 * Level 6.0 Spellcasting
 + Level 2.4 Conjurations
 - Level 1.1 Summonings
   Level 1.1 Translocations
 * Level 1.0 Poison Magic


You had 10 spell levels left.
You knew the following spells:

 Your Spells              Type           Power        Failure   Level  Hunger
a - Magic Dart            Conj           ###.         3%          1    None
b - Call Imp              Summ           ##......     8%          2    None
c - Mephitic Cloud        Conj/Pois/Air  ##......     14%         3    #......

Your spell library contained the following spells:

 Spells                   Type           Power        Failure   Level  Hunger
 Blink                    Tloc           N/A          8%          2    None
 Slow                     Hex            #.......     12%         2    None
 Conjure Flame            Conj/Fire      ##......     14%         3    #......


Dungeon Overview and Level Annotations

Branches:
Dungeon (3/15)

Altars:
Gozag
Xom

Annotations:
D:3 Robin


Message History

Casting: Call Imp (safe; 8% risk of failure)
Confirm with . or Enter, or press ? or * to list all spells.
A beastly little devil appears in a puff of flame.
Something hits you.
* * * LOW HITPOINT WARNING * * *
Your crimson imp barely misses something.
You swap places.
Something completely misses you.
Your crimson imp hits something but does no damage.
You see here a +0 club.
Your crimson imp barely misses something.
Casting: Call Imp (safe; 8% risk of failure)
Confirm with . or Enter, or press ? or * to list all spells.
You miscast Call Imp.
You are very lightly contaminated with residual magic.
Nothing appears to happen.
Something hits you.
* * * LOW HITPOINT WARNING * * *
Your crimson imp hits something but does no damage.
Your crimson imp barely misses something.
You closely miss something. Something hits you.
You die...

#>##.## #..# #).###..###..#
#.##..# #..#######.###....###.#
#.###.# #..........##......##.#
#.###.###......###............#
#.##...##.####.# #.........#..#
#....#....# #.# ###########...
####...#### #.# #.## ##.## #.#
#.# #.# #@# #.# #####.# #.#
#.## #...#.# #5### #... #.#...#
#5[.# ###. #...### ###.# #.
##.## #.# #. #.# #.# #. #.# #.#
#. #.# ##.########### #<


You could see 2 friendly crimson imps.

Vanquished Creatures
  A bullfrog (D:2)
  An adder (D:3)
  2 worms
  3 dart slugs (D:1)
  2 leopard geckos (D:3)
  8 orcs (D:3)
  4 bats
  12 goblins
  10 hobgoblins
  6 jackals
  5 kobolds
  A quokka (D:2)
  2 frilled lizards (D:1)
  3 rats
60 creatures vanquished.

Notes
Turn   | Place    | Note
-------+----------+-------------------------------------------
     0 | D:1      | FishyPogo the Deep Elf Wizard began the quest for the Orb.
     0 | D:1      | Reached XP level 1. HP: 10/10 MP: 7/7
   142 | D:1      | Reached XP level 2. HP: 9/15 MP: 2/9
   232 | D:1      | Learned a level 2 spell: Call Imp
   411 | D:1      | Reached skill level 5 in Spellcasting
   690 | D:1      | Found a glowing silver altar of Zin.
   697 | D:1      | Reached XP level 3. HP: 19/19 MP: 6/11
   698 | D:1      | Found a glowing silver altar of Zin.
   698 | D:1      | Found a blossoming altar of Fedhas.
   701 | D:1      | Found a shattered altar of Ashenzari.
   701 | D:1      | Found a stormy altar of Qazlal.
   701 | D:1      | Found a shimmering altar of Xom.
  1366 | D:2      | Found an opulent altar of Gozag.
  1368 | D:2      | Noticed a bullfrog
  1389 | D:2      | Learned a level 3 spell: Mephitic Cloud
  1441 | D:2      | Killed a bullfrog
  1441 | D:2      | Reached XP level 4. HP: 24/24 MP: 3/13
  2297 | D:3      | Reached skill level 6 in Spellcasting
  2328 | D:3      | Reached XP level 5. HP: 28/28 MP: 9/15
  2351 | D:3      | Reached skill level 1 in Poison Magic
  2353 | D:3      | Noticed Robin
  2575 | D:2      | HP: 1/28 [something (1)]
  2577 | D:2      | Slain by an orc wizard

Levels and vault maps discovered:
D:1:      minmay_arrival_stone_box, layout_loops_corners, st_stairs_8,
          doesnt_xom_only_xom
D:2:      layout_loops_ring, grunt_gozag_statues, minivault_19
D:3:      layout_rooms, lemuel_crystal_altar, first_ration,
          uniq_crazy_yiuf_cottage, uniq_robin

Skill      XL: |  1  2  3  4  5 |
---------------+----------------+-----
Spellcasting   | 5 6 |  6.0
Stealth        | 3 |  3.7
Dodging        | 3 |  3.4
Conjurations   | 2 |  2.4
Poison Magic   | 1 |  1.0
Summonings     | |  1.1
Translocations | |  1.1

Action                   |  1- 3 |  4- 6 || total
-------------------------+-------+-------++-------
Melee: Unarmed           |    22 |    37 ||    59
 Cast: Magic Dart        |    81 |    77 ||   158
       Mephitic Cloud    |     1 |    11 ||    12
       Call Imp          |       |     2 ||     2
 Stab: Confused          |       |     1 ||     1
  Eat: Chunk             |     1 |     4 ||     5
Armor: Robe              |     8 |    18 ||    26
Dodge: Dodged            |    27 |    62 ||    89
